 Dungeon Crawl Stone Soup version 0.29.1-15-g9cfb28693d (webtiles) character file.

Game seed: 8261092134237932730

3880 Sanktem7 the Cleaver (level 10, 0/90 HPs)
             Began as a Minotaur Fighter on Mar 13, 2023.
             Was a Follower of Okawaru.
             Succumbed to Amaemon's poison
             ... on level 8 of the Dungeon.
             The game lasted 00:14:39 (9340 turns).

Sanktem7 the Cleaver (Minotaur Fighter)             Turns: 9340, Time: 00:14:40

Health: 0/90       AC: 19    Str: 25    XL:     10   Next: 0%
Magic:  7/9        EV: 10    Int:  5    God:    Okawaru [*.....]
Gold:   478        SH:  7    Dex: 10    Spells: 9/9 levels left

rFire   + . .      SeeInvis .   a - +0 war axe (venom) {axe}
rCold   + . .      Faith    .   c - +0 buckler
rNeg    . . .      Spirit   .   x - +2 chain mail {rF+}
rPois   .          Reflect  .   (helmet restricted)
rElec   .          Harm     .   q - +2 cloak {Will+}
rCorr   .          Rampage  .   G - +0 pair of gloves
Will    +....                   f - +2 pair of boots
Stlth   ..........              (no amulet)
HPRegen 0.25/turn               J - ring of protection from cold
MPRegen 0.11/turn               (no ring)

@: lethally poisoned (0 -> -13), heroic, slowed, very slow
A: horns 2, retaliatory headbutt, deformed body, inability to drink after injury
1, sturdy frame 1
a: Renounce Religion, Heroism


You were on level 8 of the Dungeon.
You worshipped Okawaru.
Okawaru was aware of your devotion.
You visited 2 branches of the dungeon, and saw 9 of its levels.

You collected 478 gold pieces.


Innate Abilities, Weirdness & Mutations

You have a pair of horns on your head.
You reflexively headbutt those who attack you in melee.
Armour fits poorly on your strangely shaped body.
You occasionally lose the ability to drink potions when taking damage.
Your movements are slightly less encumbered by armour. (ER -2)


   Skills:
 + Level 8.5(13.5) Fighting
 * Level 11.1(16.1) Axes
 + Level 8.6(13.6) Armour
 + Level 8.5(13.5) Shields


You had 9 spell levels left.
You didn't know any spells.
Your spell library contained the following spells:

 Spells                   Type           Power      Damage    Failure   Level
 Freeze                   Ice            0%         1d3       88%         1
 Necrotise                Necr           0%         1d4       88%         1
 Sandblast                Erth           0%         2d4       88%         1
 Passwall                 Tmut/Erth      0%         N/A       95%         2
 Frozen Ramparts          Ice            0%         1d1       99%         3
 Gell's Gravitas          Tloc           0%         N/A       99%         3
 Stone Arrow              Conj/Erth      0%         3d7       99%         3
 Teleport Other           Tloc           0%         N/A       99%         3
 Vampiric Draining        Necr           0%         2d6       99%         3
 Hailstorm                Conj/Ice       0%         3d3       100%        4
 Passage of Golubria      Tloc           0%         N/A       100%        4
 Agony                    Necr           0%         N/A       100%        5
 Silence                  Hex/Air        0%         N/A       100%        5
 Dispersal                Tloc           0%         N/A       100%        6
 Lehudib's Crystal Spear  Conj/Erth      0%         10d2      100%        8
 Summon Small Mammal      Summ           Unusable   N/A       N/A         1
 Call Canine Familiar     Summ           Unusable   N/A       N/A         3
 Summon Guardian Golem    Hex/Summ       Unusable   N/A       N/A         3
 Summon Ice Beast         Ice/Summ       Unusable   N/A       N/A         4
 Summon Mana Viper        Hex/Summ       Unusable   N/A       N/A         5
 Monstrous Menagerie      Summ           Unusable   N/A       N/A         7

Inventory:

Hand Weapons
 a - a +0 war axe of venom (weapon) {axe}
Missiles
 b - 5 javelins {throwing}
 j - 68 stones (quivered) {throwing}
 m - 11 poisoned darts {throwing}
 w - a boomerang of dispersal {=f!fthrowing}
 C - a curare-tipped dart {=fthrowing}
Armour
 c - a +0 buckler (worn)
 f - a +2 pair of boots (worn)
   (You found it on level 1 of the Dungeon)
 q - a +2 cloak of willpower (worn)
   (You took it off Crazy Yiuf on level 3 of the Dungeon)
 x - a +2 chain mail of fire resistance (worn)
   (You found it on level 4 of the Dungeon)
 G - a +0 pair of gloves (worn)
   (You found it on level 8 of the Dungeon)
Jewellery
 J - a ring of protection from cold (left hand)
   (You found it on level 8 of the Dungeon)
Wands
 e - a wand of flame (28)
   (You found it on level 3 of the Dungeon)
 s - a wand of charming (7)
   (You found it on level 7 of the Dungeon)
 B - a wand of polymorph (7)
   (You found it on level 6 of the Dungeon)
Scrolls
 g - 3 scrolls of magic mapping {!r}
 i - 3 scrolls of vulnerability {!r!r}
 k - 2 scrolls of poison {!r}
 l - 4 scrolls of teleportation {@r4}
 t - a scroll of fear
 y - a scroll of identify {@r1}
 I - a scroll of blinking {!r}
Potions
 d - 3 potions of might
 h - 3 potions of curing {@q1}
 n - a potion of magic
 o - a potion of degeneration {!q@e2}
 p - 2 potions of flight
 r - a potion of cancellation
 u - a potion of invisibility
 v - a potion of heal wounds {@q2}
 z - 3 potions of berserk rage {unknown}
 A - a potion of resistance
 D - 2 potions of lignification {!q}

Dungeon Overview and Level Annotations

Branches:
Dungeon (8/15) Zot: 25766  Temple (1/1) D:7 Zot: 5949    Lair (0/5) D:8

Altars:
Ashenzari
Gozag
Hepliaklqana
Nemelex Xobeh
Okawaru
Qazlal
Ru
Vehumet
Zin
The Shining One

Shops:
D:5 ([:(

Annotations:
D:8 3 runed translucent doors, Amaemon; BuddhaDhamma's ghost, novice MiBe

...
##...#..........#
..
#....#..........#
#
#....#......#####
. ######......# .
..........# .
..........# .
........4s#
........s6#####
....######@...#
+####....'....#
.......#.>..#
.#######....#
###..........#
.............#
.......^.....#
.............+
...#####.....#


You could see Amaemon (extremely poisoned), an orange demon and 2 scorpions.


Message History

The orange demon stings you from afar. 😕 HP[-5]
You take 5 damage, and now have 85/90 hp.
You closely miss Amaemon. You headbutt Amaemon!
The orange demon stings you from afar.
You are poisoned.
You have difficulty breathing.
You feel yourself slow down.
Amaemon hits you with a +1 demon whip of venom.
Amaemon claws you but does no damage. Amaemon barely misses you. 😕 HP[-10]
You take 10 damage, and now have 75/90 hp.
You barely miss Amaemon. You headbutt Amaemon.
You feel very sick.
Amaemon hits you with a +1 demon whip of venom.
You are more poisoned.
Amaemon closely misses you. Amaemon completely misses you.
The orange demon closely misses you. 😕 HP[-5]
You take 5 damage, and now have 70/90 hp.
You barely miss Amaemon.
You feel very sick. You block the orange demon's attack.
Amaemon barely misses you. You furiously retaliate!
You headbutt Amaemon. Amaemon claws you but does no damage.
Amaemon tail-slaps you but does no damage.
Amaemon hits you with a +1 demon whip of venom!
You are more poisoned.
Amaemon closely misses you.
Amaemon tail-slaps you but does no damage.
The orange demon stings you from afar! 😮 HP[-19]
You take 19 damage, and now have 51/90 hp.
MASSIVE DAMAGE!! (PAUSE) Autopickup is now off.
Autopickup is now on.
You gain the combat prowess of a mighty hero.
You feel extremely sick.
The orange demon no longer looks unusually toxic.
Amaemon hits you with a +1 demon whip of venom!
You feel threatened and lose the ability to drink potions!
* * * LOW HITPOINT WARNING * * *
You block Amaemon's attack.
Amaemon tail-slaps you but does no damage.
You block the orange demon's attack. 😨 HP[-22] MP[-2]
You take 22 damage, and now have 29/90 hp.
MASSIVE DAMAGE!! (PAUSE)
You lost 2 mp, and now have 7/9 mp.
You closely miss Amaemon.
You feel very sick.
Amaemon gestures wildly while chanting.
You block the orange demon's attack. 😨 HP[-3]
You take 3 damage, and now have 26/90 hp.
You hit Amaemon. You closely miss the scorpion.
You feel very sick. Amaemon hits you but does no damage.
You are more poisoned.
Amaemon claws you but does no damage.
Amaemon tail-slaps you but does no damage.
The orange demon stings you but does no damage.
The scorpion stings you but does no damage. 😨 HP[-3]
You take 3 damage, and now have 23/90 hp.
You slash Amaemon!
Amaemon is poisoned.
You slash the scorpion!
The scorpion is poisoned.
* * * LOW HITPOINT WARNING * * *
You feel very sick.
You kill the scorpion!
The scorpion's corpse disappears in a puff of smoke!
Amaemon hits you with a +1 demon whip of venom.
* * * LOW HITPOINT WARNING * * *
Amaemon claws you but does no damage. You block Amaemon's attack.
The orange demon barely misses you. 😱 HP[-7]
You take 7 damage, and now have 16/90 hp.
You completely miss Amaemon.
* * * LOW HITPOINT WARNING * * *
You feel very sick. The orange demon barely misses you.
Amaemon hits you with a +1 demon whip of venom.
* * * LOW HITPOINT WARNING * * *
You are more poisoned.
Amaemon claws you.
* * * LOW HITPOINT WARNING * * *
Amaemon tail-slaps you but does no damage. 😱 HP[-7]
You take 7 damage, and now have 9/90 hp.
You cannot drink potions in your current state!
You cannot drink potions in your current state!
You slash Amaemon!
Amaemon looks as sick as possible!
You can drink potions again.
* * * LOW HITPOINT WARNING * * *
You feel very sick. The orange demon closely misses you.
Amaemon closely misses you. Amaemon claws you but does no damage.
You block Amaemon's attack. 😱 HP[-4]
You take 4 damage, and now have 5/90 hp.
You die...

Skill      XL: |  1  2  3  4  5  6  7  8  9 |
---------------+----------------------------+-----
Axes           | 3 4 5 6 7 9 11 | 11.1
Shields        | 4 5 6 7 8 |  8.5
Fighting       | 4 5 6 7 8 |  8.5
Armour         | 4 5 6 7 8 |  8.6

Action                   |  1- 3 |  4- 6 |  7- 9 | 10-12 || total
-------------------------+-------+-------+-------+-------++-------
Melee: War axe           |    98 |    75 |   232 |     8 ||   413
       Headbutt          |     7 |     9 |    37 |     2 ||    55
Invok: Heroism           |       |       |       |     1 ||     1
  Use: Scroll            |       |     7 |    15 |       ||    22
       Potion            |       |       |     2 |       ||     2
Armor: Scale mail        |    64 |    15 |       |       ||    79
       Chain mail        |       |    17 |   139 |    13 ||   169
Dodge: Dodged            |    45 |    23 |    94 |    12 ||   174
Block: Buckler           |    26 |    14 |    57 |     6 ||   103

Levels and vault maps discovered:
D:1:      dpeg_arrival_refuge, layout_rooms, basic_ecumenical_altar,
          serial_rivers, chequers_serial_rivers_micro_a,
          chequers_serial_rivers_small_3, chequers_serial_rivers_micro_c,
          chequers_serial_rivers_small_3, chequers_serial_rivers_micro_a,
          chequers_serial_rivers_small_3, chequers_decorated_corner,
          st_stairs_2, minmay_misc_feat_four_crosses
D:2:      layout_loops_cross, basic_altar
D:3:      layout_loops_cross, hangedman_abyss_or_decor_stabs,
          minmay_starry_boxes, uniq_sigmund, uniq_crazy_yiuf_cottage, uniq_ijyb
D:4:      layout_layer_cave, nicolae_overflow_hidden_temple, minmay_small_thing,
          uniq_edmund, uniq_eustachio
D:5:      layout_loops_ring, kennysheep_diamond, small_statue_intersection,
          minmay_misc_feat_iff, minmay_shop_grid_forest, minmay_misc_feat_rugged
D:6:      layout_basic, minmay_misc_feat_hallway
D:7:      layout_basic, minmay_temple_entry_wispy, minmay_misc_feat_five,
          eino_jars
D:8:      layout_gridville, erik_lair_island, gammafunk_ghost_hydra_chop,
          minmay_misc_feat_square, uniq_amaemon
Temple:   bh_familiar_temple

Notes
Turn   | Place    | Note
-------+----------+-------------------------------------------
     0 | D:1      | Sanktem7 the Minotaur Fighter began the quest for the Orb.
     0 | D:1      | Reached XP level 1. HP: 19/19 MP: 0/0
     0 | D:1      | magus.rc [v1.9.6]
     9 | D:1      | You add the spells Gell's Gravitas, Teleport Other and
                  | Dispersal to your library.
   132 | D:1      | Found a faded altar of an unknown god.
   140 | D:1      | Reached XP level 2. HP: 21/27 MP: 1/1
   266 | D:1      | You pick up a book of the Moon and begin reading...
   266 | D:1      | You add the spells Passage of Golubria, Silence and
                  | Lehudib's Crystal Spear to your library.
   311 | D:1      | Reached skill level 3 in Axes
   847 | D:2      | Reached skill level 4 in Shields
   884 | D:2      | Reached XP level 3. HP: 33/33 MP: 2/2
   920 | D:2      | Reached skill level 4 in Fighting
   920 | D:2      | Reached skill level 4 in Armour
  1026 | D:2      | Found a stormy altar of Qazlal.
  1309 | D:2      | You pick up a book of Frost and begin reading...
  1309 | D:2      | You add the spells Freeze, Frozen Ramparts and Hailstorm to
                  | your library.
  1630 | D:3      | Noticed Ijyb
  1633 | D:3      | Noticed Sigmund
  1642 | D:3      | HP: 1/33 [disintegration (18)]
  1936 | D:2      | Killed Ijyb
  1937 | D:2      | Reached skill level 4 in Axes
  1937 | D:2      | Reached XP level 4. HP: 12/40 MP: 3/3
  2165 | D:3      | Killed Sigmund
  2166 | D:3      | Reached skill level 5 in Axes
  2166 | D:3      | Reached XP level 5. HP: 21/47 MP: 4/4
  2452 | D:3      | You pick up a book of Beasts and begin reading...
  2452 | D:3      | You add the spells Summon Ice Beast, Summon Mana Viper and
                  | Monstrous Menagerie to your library.
  2459 | D:3      | Reached XP level 6. HP: 50/55 MP: 5/5
  2780 | D:3      | Found a runed translucent door.
  2781 | D:3      | Noticed Crazy Yiuf
  3138 | D:3      | HP: 13/55 [Crazy Yiuf/+3 quarterstaff of chaos (6)]
  3139 | D:3      | Killed Crazy Yiuf
  3140 | D:3      | Reached skill level 5 in Fighting
  3140 | D:3      | Reached skill level 5 in Armour
  3140 | D:3      | Reached skill level 5 in Shields
  3511 | D:4      | Found a sparkling altar of Nemelex Xobeh.
  3517 | D:4      | Noticed Eustachio
  3540 | D:4      | Killed Eustachio
  3561 | D:4      | Found a sacrificial altar of Ru.
  3629 | D:4      | Reached skill level 6 in Axes
  3660 | D:4      | Found an opulent altar of Gozag.
  3662 | D:4      | Found a glowing silver altar of Zin.
  3699 | D:4      | Noticed Edmund
  3710 | D:4      | Killed Edmund
  3711 | D:4      | Reached XP level 7. HP: 38/61 MP: 6/6
  4085 | D:4      | Noticed a steam dragon
  4094 | D:4      | Killed a steam dragon
  4243 | D:4      | You pick up a book of Necromancy and begin reading...
  4243 | D:4      | You add the spells Necrotise, Vampiric Draining and Agony
                  | to your library.
  4386 | D:4      | Found a glowing golden altar of the Shining One.
  4561 | D:5      | Entered Level 5 of the Dungeon
  4599 | D:5      | Reached skill level 7 in Axes
  4624 | D:5      | Reached skill level 6 in Armour
  4634 | D:5      | Reached skill level 6 in Fighting
  4634 | D:5      | Reached skill level 6 in Shields
  4646 | D:5      | Noticed a steam dragon
  4650 | D:5      | Killed a steam dragon
  4651 | D:5      | Reached XP level 8. HP: 68/70 MP: 7/7
  4800 | D:5      | Found Fepy's Weapon Shop.
  4801 | D:5      | Found Atwi Zudavi's Book Shop.
  4805 | D:5      | Found Tiut's Antique Armour Shop.
  4808 | D:5      | Found Cueleilidgh's Weapon Shop.
  5114 | D:5      | Found a broken altar of Ashenzari.
  5120 | D:5      | Reached skill level 8 in Axes
  5563 | D:6      | Gained mutation: Armour fits poorly on your strangely
                  | shaped body. [potion of mutation]
  5563 | D:6      | Gained mutation: You have a beak for a mouth. [potion of
                  | mutation]
  5563 | D:6      | Gained mutation: You are covered in fur. (AC +1) [potion of
                  | mutation]
  5564 | D:6      | Lost mutation: You have a beak for a mouth. [potion of
                  | mutation]
  5564 | D:6      | Lost mutation: You are covered in fur. (AC +1) [potion of
                  | mutation]
  5564 | D:6      | Gained mutation: You occasionally lose the ability to drink
                  | potions when taking damage. [potion of mutation]
  5564 | D:6      | Gained mutation: Your movements are slightly less
                  | encumbered by armour. (ER -2) [potion of mutation]
  5840 | D:6      | Reached skill level 7 in Fighting
  5840 | D:6      | Reached skill level 7 in Armour
  5840 | D:6      | Reached skill level 7 in Shields
  6013 | D:6      | Reached skill level 9 in Axes
  6162 | D:6      | Reached XP level 9. HP: 62/79 MP: 8/8
  7028 | D:7      | You pick up a book of Callings and begin reading...
  7028 | D:7      | You add the spells Summon Small Mammal, Call Canine
                  | Familiar and Summon Guardian Golem to your library.
  7182 | D:7      | Found a staircase to the Ecumenical Temple.
  7194 | Temple   | Entered the Ecumenical Temple
  7227 | Temple   | Became a worshipper of Warmaster Okawaru
  7419 | D:7      | You pick up a book of Frost and begin reading...
  8124 | D:8      | Reached skill level 10 in Axes
  8212 | D:8      | Noticed a troll
  8221 | D:8      | Killed a troll
  8222 | D:8      | Reached skill level 8 in Fighting
  8222 | D:8      | Reached skill level 8 in Armour
  8222 | D:8      | Reached skill level 8 in Shields
  8292 | D:8      | Reached * piety under Okawaru
  8502 | D:8      | Found a staircase to the Lair.
  8714 | D:8      | You pick up a book of Geomancy and begin reading...
  8714 | D:8      | You add the spells Sandblast, Passwall and Stone Arrow to
                  | your library.
  8900 | D:8      | Reached skill level 11 in Axes
  9086 | D:8      | Found a runed translucent gate.
  9087 | D:8      | Found a runed translucent gate.
  9087 | D:8      | Noticed a nine-headed hydra
  9087 | D:8      | Noticed BuddhaDhamma's ghost (novice MiBe)
  9089 | D:8      | Found a runed translucent gate.
  9102 | D:8      | Reached XP level 10. HP: 56/90 MP: 9/9
  9308 | D:8      | Noticed an orange demon
  9308 | D:8      | Noticed Amaemon
  9337 | D:8      | HP: 17/90 [poisoned by Amaemon]
  9339 | D:8      | HP: 5/90 [poisoned by Amaemon]
  9340 | D:8      | Succumbed to Amaemon's poison

Vanquished Creatures
  A troll (D:8)
  Sigmund (D:3)
  Eustachio (D:4)
  2 steam dragons
  Edmund (D:4)
  3 water moccasins
  2 orc warriors (D:8)
  2 ice beasts
  3 black bears
  2 sky beasts
  4 wolves (D:8)
  A kobold brigand (D:7)
  2 bullfrogs
  2 necrophages
  4 scorpions
  6 killer bees (D:7)
  2 electric eels (D:8)
  A jelly (D:7)
  4 orc priests
  6 hounds
  Crazy Yiuf (D:3)
  Ijyb (D:2)
  2 iguanas (D:5)
  2 orc wizards
  6 adders
  2 white imps (D:5)
  3 dart slugs
  25 orcs
  3 ball pythons
  4 endoplasms
  5 giant cockroaches
  6 goblins
  8 hobgoblins
  6 jackals
  A quokka (D:1)
  6 bats
  4 frilled lizards
  14 kobolds
  5 rats
154 creatures vanquished.

Vanquished Creatures (others)
  4 plants (D:8)
4 creatures vanquished.

Grand Total: 158 creatures vanquished

Table legend:
 A = Non-vault XP
 B = Vault XP
 C = Vault XP percentage of total XP
 D = Non-vault monster count
 E = Vault monster count
 F = Vault count percentage of total count
                 A         B        C        D         E       F
            +---------+---------+-------+---------+---------+-------
      Total |    3404 |    2139 |  38.6 |     126 |      28 |  18.2
            +---------+---------+-------+---------+---------+-------
        D:1 |      31 |       4 |  11.4 |      19 |       2 |   9.5
        D:2 |      57 |      36 |  38.7 |      20 |       1 |   4.8
        D:3 |      38 |     301 |  88.8 |      13 |       7 |  35.0
        D:4 |     261 |     447 |  63.1 |      14 |       3 |  17.6
        D:5 |     630 |     134 |  17.5 |      16 |       2 |  11.1
        D:6 |     878 |       0 |   0.0 |      15 |       0 |   0.0
        D:7 |     540 |     366 |  40.4 |      13 |       6 |  31.6
        D:8 |     969 |     851 |  46.8 |      16 |       7 |  30.4
            +---------+---------+-------+---------+---------+-------

Illustrated notes

Table legend:
 A = Kills in this place as a percentage of kills in entire the game.
 B = Kills by you in this place as a percentage of kills by you in the entire game.
 C = Kills by friends in this place as a percentage of kills by friends in the entire game.
 D = Other kills in this place as a percentage of other kills in the entire game.
 E = Experience gained in this place as a percentage of experience gained in the entire game.
 F = Experience gained in this place divided by the number of levels of this place that you have seen.
                   A       B       C       D       E      F
               +-------+-------+-------+-------+-------+----------------------
         Total | 100.0 | 100.0 |   N/A |   N/A | 100.0 | 615.9
       Dungeon | 100.0 | 100.0 |   N/A |   N/A | 100.0 | 692.9
               +-------+-------+-------+-------+-------+----------------------

Table legend: (Time is in decaauts)
 A = Elapsed time spent in this place.
 B = Non-inter-level travel time spent in this place.
 C = Inter-level travel time spent in this place.
 D = Time resting spent in this place.
 E = Time spent auto-exploring this place.
 F = Levels seen in this place.
 G = Mean time per level.
                   A        B        C        D        E       F      G
               +--------+--------+--------+--------+--------+-----+--------+
         Total |   9416 |   9105 |    311 |    944 |   6993 |   9 | 1046.2 |
       Dungeon |   9366 |   9071 |    295 |    944 |   6970 |   8 | 1170.8 |
        Temple |     50 |     34 |     16 |      0 |     23 |   1 |   50.0 |
               +--------+--------+--------+--------+--------+-----+--------+

Top non-repeatable levels by time:
     D:7: 1514 daAuts
     D:3: 1388 daAuts
     D:2: 1313 daAuts
     D:8: 1233 daAuts
     D:4: 1058 daAuts
     D:6: 1006 daAuts
     D:5: 990 daAuts
     D:1: 859 daAuts
  Temple: 50 daAuts
